 Dungeon Crawl Stone Soup version 0.32-a0-42-ga30500b4d3 (webtiles) character file.

Game seed: 7763125815473902046

951 demibob the Carver (level 7, -1/52 HPs)
             Began as a Demonspawn Chaos Knight on Jan 30, 2024.
             Was a Plaything of Xom.
             Slain by an iguana (11 damage)
             ... on level 6 of the Dungeon.
             The game lasted 00:07:43 (4121 turns).

demibob the Carver (Demonspawn Chaos Knight)        Turns: 4121, Time: 00:07:45

Health: -1/52      AC: 11    Str: 13 (14) XL:     7   Next: 90%
Magic:  7/7        EV:  9    Int: 10 (13) God:    Xom [....*.]
Gold:   163        SH:  0    Dex: 10 (12) Spells: 6/6 levels left

rFire   . . .        a - +1 falchion (chaos)
rCold   . . .        (no shield)
rNeg    . . .        i - +3 scale mail {Will+}
rPois   .            (helmet restricted)
rElec   .            (no cloak)
rCorr   .            (no gloves)
SInv    .            (no boots)
Will    +....        (no amulet) Stlth
                     (no ring)
HPRegen 0.28/turn    (no ring)
MPRegen 0.10/turn

%: no passive effects
@: lethally poisoned (-1 -> -15), hasted, very quick
A: antennae 2, molten scales 1, powered by death 1, talons 1, high MP 1, sense
surroundings 1, screaming 1
a: Renounce Religion


You were on level 6 of the Dungeon.
You worshipped Xom.
You were a beloved toy of Xom.
You visited 1 branch of the dungeon, and saw 6 of its levels.

You collected 163 gold pieces.


Innate Abilities, Weirdness & Mutations

You have a pair of antennae on your head.
You are partially covered in molten scales. (AC +2)
You regenerate a little health from kills.
You have sharp toenails.
You have an increased reservoir of magic. (+10% MP)
You passively map a small area around you.
You occasionally shout uncontrollably at your foes.


   Skills:
 - Level 3.0 Fighting
 + Level 8.8 Long Blades
 - Level 1.7 Armour
 - Level 0.8 Dodging


You had 6 spell levels left.
You didn't know any spells.
Your spell library contained the following spells:

 Spells                   Type           Power      Damage    Failure   Level
 Necrotise                Necr           0%         1d4       87%         1
 Summon Ice Beast         Ice/Summ       0%         N/A       99%         3
 Vampiric Draining        Necr           0%         2d6       99%         3
 Martyr's Knell           Necr/Summ      0%         N/A       100%        4
 Curse of Agony           Necr           0%         N/A       100%        5
 Summon Mana Viper        Hex/Summ       0%         N/A       100%        5
 Monstrous Menagerie      Summ           0%         N/A       100%        7

Inventory:

Hand Weapons
 a - a +1 falchion of chaos (weapon)
 b - a +2 rapier of electrocution
Missiles
 d - 2 atropa-tipped darts (quivered)
 o - 2 curare-tipped darts {=f}
Armour
 g - a scarf of harm
 i - a +3 scale mail of willpower (worn)
Wands
 h - a wand of iceblast (10)
Scrolls
 c - a scroll of butterflies
 j - a scroll of poison
 l - 4 scrolls of enchant weapon
 m - a scroll of teleportation {@r2}
 n - a scroll of fog
Potions
 e - a potion of berserk rage {!q}
 f - a potion of haste {@q3}
 k - a potion of mutation
 p - a potion of degeneration

Dungeon Overview and Level Annotations

Branches:
Dungeon (6/15)             Temple (0/1) D:5

Altars:
Yredelemnul

Shops:
D:1

( , . #.# ###.# *
,#.#.#.# #...# ,
#.#.#<###### #...# *
, ...........###...#
##.##.#.##.......# ,
.###.##.#.##..#.####*
* .....K....##.##.# ,
* ###.##.#.#.##.##.#,
.......@.#....##.#
#"##.#h#l#.##.)... *
, ...#(..##..... ,
#..$...#.##..... * *
* ...=..#.#... .,
..#........##. #
#.#.##.# # ** *, ,
.... .. , ,* , * * *


You could see a kobold brigand (confused), an iguana and a hound.


Message History

* * * LOW HITPOINT WARNING * * *
The hound bites you but does no damage.
You are too injured to fight recklessly!
Unknown command.
It was a potion of mutation.
You feel extremely strange.
You no longer feel a hidden potential within.
You shed all your fur.
You feel more energetic.
Your toenails lengthen and sharpen.
Xom roars with laughter!
* * * LOW HITPOINT WARNING * * *
You feel very sick.
The kobold brigand hits you but does no damage.
You are lethally poisoned!
The iguana bites you but does no damage.
The hound bites you but does no damage.
It was a potion of degeneration.
There was something very wrong with that liquid.
You feel weakened.
You feel dopey.
You feel clumsy.
* * * LOW HITPOINT WARNING * * *
You feel very sick. The hound barely misses you.
The iguana bites you but does no damage.
The hound completely misses you.
It was a potion of haste.
You feel yourself speed up.
* * * LOW HITPOINT WARNING * * *
You feel very sick.
The kobold brigand shouts, "What's happening?!"
The iguana bites you!
You die...
Xom chortles!

Skill      XL: |  1  2  3  4  5  6  7 |
---------------+----------------------+-----
Long Blades    | 3 4 6 7 8 |  8.8
Fighting       | |  3.0
Armour         | |  1.7
Dodging        | |  0.8

Action                     |  1- 3 |  4- 6 |  7- 9 || total
---------------------------+-------+-------+-------++-------
  Melee: Falchion          |   138 |   179 |    97 ||   414
         Punch             |     1 |     4 |     1 ||     6
    Use: Scroll            |     3 |     8 |     1 ||    12
         Potion            |       |     6 |     3 ||     9
   Stab: Distracted        |     1 |       |       ||     1
         Sleeping          |     1 |       |       ||     1
         Confused          |       |     1 |       ||     1
 Armour: Leather armour    |    86 |    26 |       ||   112
         Scale mail        |       |   113 |    85 ||   198
  Dodge: Dodged            |    92 |    74 |    43 ||   209

Levels and vault maps discovered:
D:1:      dpeg_arrival_central, layout_rooms, serial_shops,
          nicolae_shop_scrapyard, st_stairs_1
D:2:      layout_basic
D:3:      layout_basic
D:4:      layout_loops_corners, uniq_eustachio, uniq_robin
D:5:      corexii_shack_village, layout_cave_pools,
          mainiacjoe_overflow_alcove_2, minmay_temple_entry_statues_pillars,
          minmay_misc_feat_rugged, minmay_misc_feat_cross
D:6:      layout_basic, cheibriados_altar_2, dreamdust_wishing_well,
          serial_bayou_pond_a, ebering_dispersal_statue_hall,
          minmay_diced_spiral

Notes
Turn   | Place    | Note
-------+----------+-------------------------------------------
     0 | D:1      | demibob the Demonspawn Chaos Knight began the quest for the
                  | Orb.
     0 | D:1      | Reached XP level 1. HP: 18/18 MP: 1/1
    71 | D:1      | Reached skill level 3 in Long Blades
   239 | D:1      | Gained mutation: You are partially covered in molten
                  | scales. (AC +2) [demonic ancestry]
   239 | D:1      | Reached XP level 2. HP: 24/24 MP: 2/2
   292 | D:1      | Found Geaq's Antique Weapon Shop.
   326 | D:1      | XOM: silly message
   558 | D:1      | XOM: silly message
   764 | D:2      | Gained mutation: You regenerate a little health from kills.
                  | [demonic ancestry]
   764 | D:2      | Reached XP level 3. HP: 29/29 MP: 3/3
   770 | D:2      | XOM: divination: detect items
   953 | D:2      | Reached skill level 4 in Long Blades
  1299 | D:2      | XOM: noise
  1329 | D:2      | Gained mutation: You have a pair of small antennae on your
                  | head. [demonic ancestry]
  1329 | D:2      | Reached XP level 4. HP: 34/35 MP: 4/4
  1436 | D:2      | XOM: silly message
  1831 | D:3      | XOM: silly message
  1842 | D:3      | XOM: divination: magic mapping
  1843 | D:3      | Reached skill level 5 in Long Blades
  2186 | D:4      | Noticed Eustachio
  2186 | D:4      | XOM: confusion (+ monsters)
  2198 | D:4      | XOM: butterfly on damage
  2201 | D:4      | Killed Eustachio
  2202 | D:4      | Reached skill level 6 in Long Blades
  2202 | D:4      | Reached XP level 5. HP: 39/41 MP: 5/5
  2202 | D:4      | Gained mutation: You have a pair of antennae on your head.
                  | [demonic ancestry]
  2202 | D:4      | Reached XP level 6. HP: 45/47 MP: 6/6
  2289 | D:4      | Noticed Robin
  2308 | D:4      | Killed Robin
  2323 | D:4      | XOM: summons friendly iron imp
  2593 | D:4      | XOM: divination: detect items
  2857 | D:4      | XOM: confuse monster(s)
  2867 | D:4      | XOM: give mutations
  2867 | D:4      | Gained mutation: You occasionally shout uncontrollably at
                  | your foes. [Xom's mischief]
  2867 | D:4      | Gained mutation: You have hidden genetic potential. [Xom's
                  | mischief]
  2867 | D:4      | Gained mutation: You are covered in fur. (AC +1) [Xom's
                  | mischief]
  2873 | D:4      | Reached skill level 7 in Long Blades
  3066 | D:4      | XOM: scenery: 1 doors open
  3163 | D:5      | Entered Level 5 of the Dungeon
  3182 | D:5      | XOM: 2-stop teleportation journey
  3193 | D:5      | XOM: god gift: 2 atropa-tipped darts
  3240 | D:5      | Noticed an ice beast
  3240 | D:5      | XOM: confuse monster(s)
  3257 | D:5      | Killed an ice beast
  3258 | D:5      | Reached XP level 7. HP: 40/52 MP: 7/7
  3416 | D:5      | Gained mutation: You passively map a small area around you.
                  | [hidden potential]
  3431 | D:5      | Reached skill level 8 in Long Blades
  3534 | D:5      | Found a staircase to the Ecumenical Temple.
  3579 | D:5      | Found a basalt altar of Yredelemnul.
  3709 | D:5      | XOM: potion effect (haste)
  3963 | D:5      | XOM: cloud trail
  4119 | D:6      | Lost mutation: You have hidden genetic potential. [potion
                  | of mutation]
  4119 | D:6      | Lost mutation: You are covered in fur. (AC +1) [potion of
                  | mutation]
  4119 | D:6      | Gained mutation: You have an increased reservoir of magic.
                  | (+10% MP) [potion of mutation]
  4119 | D:6      | Gained mutation: You have sharp toenails. [potion of
                  | mutation]
  4121 | D:6      | Slain by an iguana

Vanquished Creatures
  Eustachio (D:4)
  An ice beast (D:5)
  A phantom (D:5)
  3 scorpions
  A howler monkey (D:5)
  A bombardier beetle (D:3)
  2 hounds
  2 orc wizards
  2 iguanas (D:5)
  Robin (D:4)
  9 adders
  2 ufetubi (D:5)
  2 dart slugs
  2 ribbon worms
  10 orcs
  7 endoplasms
  3 giant cockroaches
  13 goblins
  9 hobgoblins
  9 jackals
  6 kobolds
  4 quokkas
  6 ball pythons
  5 bats
  7 frilled lizards
  8 rats
117 creatures vanquished.

Vanquished Creatures (collateral kills)
  An orc (D:4)
  3 goblins (D:4)
  A kobold (D:1)
5 creatures vanquished.

Grand Total: 122 creatures vanquished

Table legend: (Time is in decaauts)
 A = Elapsed time spent in this place.
 B = Non-inter-level travel time spent in this place.
 C = Inter-level travel time spent in this place.
 D = Time resting spent in this place.
 E = Time spent auto-exploring this place.
 F = Levels seen in this place.
 G = Mean time per level.
                   A        B        C        D        E       F      G
               +--------+--------+--------+--------+--------+-----+--------+
         Total |   4128 |   4002 |    126 |    246 |   2925 |   6 |  688.0 |
       Dungeon |   4128 |   4002 |    126 |    246 |   2925 |   6 |  688.0 |
               +--------+--------+--------+--------+--------+-----+--------+

Top non-repeatable levels by time:
     D:4: 968 daAuts
     D:2: 948 daAuts
     D:5: 825 daAuts
     D:1: 703 daAuts
     D:3: 576 daAuts
     D:6: 107 daAuts

Table legend:
 A = Non-vault XP
 B = Vault XP
 C = Vault XP percentage of total XP
 D = Non-vault monster count
 E = Vault monster count
 F = Vault count percentage of total count
                 A         B        C        D         E       F
            +---------+---------+-------+---------+---------+-------
      Total |    1107 |     252 |  18.5 |      99 |      23 |  18.9
            +---------+---------+-------+---------+---------+-------
        D:1 |      35 |       2 |   5.4 |      22 |       2 |   8.3
        D:2 |      74 |       0 |   0.0 |      22 |       0 |   0.0
        D:3 |      83 |       0 |   0.0 |      16 |       0 |   0.0
        D:4 |     195 |     231 |  54.2 |      18 |      12 |  40.0
        D:5 |     678 |      19 |   2.7 |      20 |       9 |  31.0
        D:6 |      42 |       0 |   0.0 |       1 |       0 |   0.0
            +---------+---------+-------+---------+---------+-------
